Map: Galactic Process LE

Players

ByuN - Winner!

  • Race: Terran Terran

Dark

  • Race: Zerg Zerg

VOD

https://www.youtube.com/watch?v=c2IlcS7AHxM&t=12m

Description

Time

  • Played on: Nov. 5, 2016, 5:44 p.m.
  • Length: 10:32
Show
View Real Time Build Order
Export as new Build Order

ByuN Terran - Winner!

Build Orders: MMM Bio 

Get SALT Encoding   

  12  0:00  SCV  
  13  0:12  SCV  
  14  0:17  Supply Depot  
  14  0:24  SCV  
  15  0:38  SCV  
  15  0:39  Barracks  
  16  0:44  Refinery  
  16  0:51  SCV  
  17  1:00  Barracks  
  17  1:03  SCV  
  18  1:09  Refinery  
  18  1:15  SCV  
  19  1:31  Reaper  
  20  1:33  Orbital Command  
  21  1:47  Reaper  
  21  1:48  Supply Depot  
  21  1:58  SCV  
  22  2:03  Reaper  
  23  2:10  SCV  
  24  2:19  Reaper  
  24  2:22  SCV  
  26  2:25  Command Center  
  26  2:34  SCV  
  26  2:35  Reaper  
  28  2:38  Supply Depot  
  28  2:46  SCV  
  28  2:47  Factory  
  29  2:55  Reaper  
  30  2:58  SCV  
  31  3:10  SCV  
  31  3:11  Reaper  
  33  3:23  SCV  
  33  3:29  Reaper  
  33  3:34  Factory Tech Lab  
  34  3:36  SCV  
  34  3:40  Starport  
  35  3:44  Command Center  
  35  3:46  Orbital Command  
  35  3:48  SCV  
  35  3:55  Marine  
  37  4:01  Marine  
  38  4:04  Siege Tank  
  38  4:05  SCV  
  42  4:17  SCV x2  
  42  4:19  Barracks Reactor  
  42  4:23  Barracks Tech Lab  
  44  4:29  SCV x2  
  46  4:33  Medivac  
  46  4:41  SCV, Marine, Refinery x2  
  46  4:42  SCV  
  49  4:50  Engineering Bay  
  49  4:51  Engineering Bay  
  49  4:53  Stimpack, SCV  
  49  4:54  SCV  
  49  4:57  Orbital Command  
  49  4:59  Marine  
  52  5:06  SCV x2  
  54  5:07  Marine x2  
  54  5:12  Siege Tank  
  59  5:18  SCV x2  
  59  5:20  Medivac, Marine  
  64  5:26  Supply Depot  
  64  5:30  SCV x2  
  64  5:31  SCV  
  64  5:32  Marine x2  
  69  5:42  Terran Infantry Weapons Level 1, Terran Infantry Armor Level 1  
  69  5:45  Supply Depot  
  69  5:47  SCV x3  
  69  5:49  Marine  
  72  5:53  Starport Reactor  
  73  5:57  Marine x2  
  73  6:01  Barracks x2, SCV x2  
  73  6:02  SCV  
  73  6:03  Barracks  
  78  6:08  Supply Depot, Marine  
  79  6:13  SCV x2  
  79  6:15  Marine x2  
  80  6:26  Marine  
  80  6:28  SCV x3  
  80  6:30  Siege Tank  
  87  6:33  Marine x2  
  87  6:37  Armory  
  87  6:38  Starport Reactor  
  89  6:40  SCV x3  
  89  6:41  Supply Depot  
  89  6:44  Marine  
  93  6:48  Barracks Reactor x2  
  93  6:50  Marine  
  93  6:51  Marine  
  93  6:52  Supply Depot, SCV x3  
  93  6:53  Refinery  
  93  6:54  Supply Depot  
  98  7:02  Marine x2  
  98  7:03  Marine  
  98  7:04  Supply Depot, Siege Tank, SCV x2  
  98  7:05  SCV  
  106  7:08  Marine x2  
  108  7:16  SCV  
  108  7:21  Marine x3  
  112  7:23  Medivac x2  
  112  7:26  Terran Vehicle Weapons Level 1, Marine x2  
  112  7:29  Combat Shields  
  118  7:32  Marine x3  
  118  7:33  Marine  
  118  7:36  Siege Tank  
  125  7:39  Marine x3  
  125  7:43  Barracks  
  127  7:44  Barracks, Marine x2  
  127  7:45  Barracks  
  127  7:50  Marine  
  130  7:52  Marine x3  
  133  8:02  Marine  
  133  8:08  Terran Infantry Weapons Level 2, Supply Depot  
  133  8:11  Supply Depot  
  133  8:15  Siege Tank, Marine x5  
  141  8:21  Marine  
  141  8:23  Marine  
  141  8:24  Marine x2  
  135  8:30  Medivac x2  
  135  8:32  Barracks Tech Lab  
  135  8:33  Barracks Tech Lab, Marine x4  
  140  8:41  Command Center  
  140  8:44  Marine x3  
  140  8:45  Barracks Tech Lab  
  140  8:46  Marauder  
  140  8:47  Siege Tank  
  148  8:57  Marine x5  
  148  8:59  Marauder x2  
  157  9:04  Marine  
  147  9:13  Marine x4  
  147  9:15  Marine x5  
  121  9:19  SCV x3  
  121  9:20  Marauder, Marine  
  121  9:21  Marine  
  122  9:31  Marine x3  
  122  9:32  Marauder  
  127  9:38  Medivac, Supply Depot x2  
  127  9:41  Marine x2  
  127  9:43  SCV x2  
  127  9:44  SCV  
  134  9:52  Marine  
  135  9:53  Marine x2  
  135  9:55  Marauder x2  
  135  9:56  Medivac  
  141  10:00  Marine x5  
  142  10:11  Marine x5  
Show
View Real Time Build Order
Export as new Build Order

Dark Zerg 

Build Orders: Pool First 

Get SALT Encoding   

  12  0:00  Drone  
  13  0:12  Overlord  
  13  0:17  Drone  
  14  0:31  Drone x2  
  14  0:35  Drone  
  17  0:44  Extractor  
  16  0:50  Spawning Pool, Drone  
  16  0:57  Drone  
  17  1:08  Drone  
  18  1:18  Hatchery  
  18  1:23  Drone  
  18  1:30  Drone  
  19  1:37  Queen  
  21  1:41  Zergling x2  
  22  1:47  Metabolic Boost  
  22  1:55  Overlord  
  22  2:13  Queen  
  24  2:20  Drone x2  
  26  2:25  Roach Warren  
  26  2:26  Zergling x2  
  26  2:34  Queen  
  28  2:38  Drone  
  32  2:51  Drone x2  
  32  2:54  Extractor  
  32  2:55  Overlord  
  30  3:01  Drone x2  
  34  3:05  Roach  
  34  3:09  Roach  
  34  3:29  Ravager x2  
  34  3:31  Drone x5  
  34  3:34  Drone  
  42  3:37  Queen  
  44  3:56  Overlord  
  44  4:04  Overlord  
  44  4:15  Roach x2  
  44  4:16  Pneumatized Carapace, Drone x4  
  52  4:22  Queen  
  55  4:24  Drone  
  55  4:25  Evolution Chamber  
  55  4:26  Drone  
  55  4:36  Drone x3  
  55  4:38  Ravager, Drone  
  58  4:40  Ravager  
  60  4:55  Hatchery  
  60  4:58  Drone  
  60  5:01  Zerg Melee Weapons Level 1  
  60  5:02  Evolution Chamber  
  60  5:03  Drone  
  60  5:11  Overlord  
  60  5:12  Overlord  
  60  5:18  Overlord  
  60  5:23  Overlord  
  60  5:24  Lair  
  60  5:28  Baneling Nest  
  59  5:31  Drone x2  
  59  5:34  Drone x2  
  63  5:35  Drone  
  63  5:36  Drone x2  
  63  5:39  Drone x2  
  63  5:40  Drone  
  63  5:41  Drone  
  69  5:45  Zergling x4  
  69  5:46  Zergling x2  
  72  5:51  Drone  
  73  5:57  Zerg Ground Armor Level 1  
  73  6:00  Drone  
  73  6:04  Queen  
  74  6:07  Zergling x6  
  79  6:13  Zergling x2  
  80  6:24  Drone x2  
  76  6:26  Drone x2  
  76  6:28  Drone x3  
  76  6:30  Drone x2  
  76  6:32  Centrifical Hooks  
  83  6:38  Hatchery  
  83  6:39  Hatchery  
  81  6:42  Zergling x4  
  81  6:43  Zergling x2  
  84  6:51  Drone x3  
  84  6:53  Queen, Extractor  
  88  6:54  Drone  
  88  6:55  Extractor  
  88  6:59  Zergling x2  
  88  7:02  Zergling x2  
  88  7:05  Zergling x4  
  88  7:06  Zergling x4  
  93  7:10  Baneling x4  
  93  7:11  Baneling  
  93  7:13  Zerg Melee Weapons Level 2  
  93  7:14  Zergling x10  
  97  7:21  Overlord  
  97  7:26  Overlord  
  97  7:27  Queen  
  97  7:28  Infestation Pit  
  98  7:33  Overlord x2  
  98  7:39  Baneling x6  
  98  7:44  Queen  
  98  7:46  Zergling x12  
  98  7:48  Baneling x4  
  98  7:51  Zergling x16  
  108  7:55  Zergling x2  
  112  8:04  Zergling x10  
  112  8:05  Zergling x6  
  114  8:14  Zergling x8  
  115  8:23  Zergling x2  
  115  8:24  Zergling x16  
  116  8:29  Zergling x12  
  116  8:30  Baneling  
  116  8:31  Baneling x6  
  119  8:34  Zergling x4  
  119  8:41  Drone x3  
  123  8:46  Zergling x6  
  126  8:53  Baneling x2  
  126  8:54  Baneling x4  
  126  9:01  Overlord x2  
  126  9:04  Zergling x4  
  102  9:14  Zergling x18  
  91  9:18  Zergling x6  
  91  9:20  Zergling x2  
  91  9:21  Zergling x2  
  93  9:24  Zergling x2  
  93  9:30  Zergling x6  
  96  9:37  Zergling x2  
  96  9:38  Zergling x4  
  99  9:40  Queen  
  100  9:45  Zergling x2  
  100  9:47  Baneling  
  100  9:51  Baneling x2  
  100  9:52  Zergling x20  
  110  9:57  Zergling x6  
  107  10:04  Zergling x8  
  102  10:09  Zergling x2  
  102  10:10  Zergling x4  
  102  10:12  Baneling x7  
  102  10:13  Baneling x3  
Tags
 
Composition
MMM Bio
Matchup
TvZ
Opening
Pool First
Player
ByuNDark
Add a new tag
Caveats
  • Supply blocks, unpowered buildings, or Contaminate may cause inaccurate times.
  • Supply counts are checked every 10 seconds.